 Dungeon Crawl Stone Soup version 0.21.0-25-ge575cb9 (webtiles) character file.

36 JeffiDaFish the Vexing (level 3, 0/18 HPs)
             Began as a Vine Stalker Arcane Marksman on Jan 23, 2018.
             Succumbed to an orc's poison
             ... on level 2 of the Dungeon.
             The game lasted 00:03:22 (813 turns).

JeffiDaFish the Vexing (VSAM)                        Turns: 813, Time: 00:03:22

Health: 0/18       AC:  3    Str: 12    XL:     3   Next: 37%
Magic:  3/5        EV: 12    Int: 13    God:
Gold:   59         SH:  0    Dex: 15    Spells: 1/4 levels left

rFire    . . .     SeeInvis .   b - +0 dagger
rCold    . . .     Gourm    .   (no shield)
rNeg     . . .     Faith    .   h - +0 leather armour
rPois    .         Spirit   +   (no helmet)
rElec    .         Reflect  .   (no cloak)
rCorr    .         Harm     .   (no gloves)
MR       .....                  (no boots)
Stlth    +.........             (no amulet)
HPRegen  0.06/turn              (no ring)
MPRegen  0.09/turn              (no ring)

@: lethally poisoned (0 -> -21)
A: fangs 2, magic shield, antimagic bite, no potion heal 3, rot immunity
a: no special abilities


You were on level 2 of the Dungeon.
You were not hungry.

You visited 1 branch of the dungeon, and saw 2 of its levels.

You collected 59 gold pieces.

Inventory:

Hand Weapons
 a - a +0 hand crossbow
 b - a +0 dagger (weapon)
 e - a +0 hand axe
Missiles
 d - 17 bolts
Armour
 h - a +0 leather armour (worn)
Scrolls
 i - a scroll of identify
Books
 c - a book of Debilitation

   Spells                             Type                      Level
   a - Corona                         Hexes                        1
   b - Slow                           Hexes                        2
   c - Inner Flame                    Hexes/Fire                   3
   d - Portal Projectile              Hexes/Translocation          3
   e - Cause Fear                     Hexes                        4
   f - Leda's Liquefaction            Hexes/Earth                  4
Comestibles
 f - 2 rations
 j - a chunk of flesh


   Skills:
 + Level 1.0 Fighting
 + Level 0.5 Short Blades
 + Level 2.2 Crossbows
 - Level 0.4 Armour
 + Level 1.9 Dodging
 + Level 1.1 Spellcasting
 + Level 3.4 Hexes


You had one spell level left.
You knew the following spells:

 Your Spells              Type           Power        Failure   Level  Hunger
a - Corona                Hex            #......      9%          1    ##.....
b - Slow                  Hex            #.......     13%         2    ###....


Dungeon Overview and Level Annotations

Branches:
Dungeon (2/15)

Altars:


Innate Abilities, Weirdness & Mutations

You have extremely sharp teeth.
When hurt, damage is shared between your health and your magic reserves.
Your bite disrupts and absorbs the magic of your enemies.
Potions cannot restore your health.
You are immune to rotting.


Message History

As you read the scroll labeled VIMEIT JOTZASE, it crumbles to dust.
You assume a fearsome visage.
It was a scroll of fear.
* * * LOW HITPOINT WARNING * * *
You feel sick.
You hit the dart slug but do no damage.
You bite the dart slug, but do no damage.
The dart slug is heavily wounded.
* * * LOW HITPOINT WARNING * * *
You feel sick.
The dart slug bites you but does no damage.
Unknown command.
You hit the dart slug.
You bite the dart slug, but do no damage.
The dart slug is severely wounded.
* * * LOW HITPOINT WARNING * * *
You feel sick.
Unknown command.
You hit the dart slug but do no damage.
The dart slug is severely wounded.
You die...

#.......#...#.......#
##.....##...##.....##
##...###...###...##
##### #...# #####
##...# #...#
#..{..##...#
.......#...#
..[...ow...+
.......#@..#
#.....##...# ##...#
#...# #### #.###
#.######. #........
########.


You could see a dart slug and an orc.

Vanquished Creatures
  An adder (D:2)
  2 dart slugs (D:1)
  A leopard gecko (D:1)
  An orc (D:2)
  A ball python (D:1)
  8 bats
  A giant cockroach (D:1)
  2 goblins (D:1)
  A hobgoblin (D:2)
  2 kobolds (D:1)
  A rat (D:1)
21 creatures vanquished.

Notes
Turn   | Place    | Note
-------+----------+-------------------------------------------
     0 | D:1      | JeffiDaFish the Vine Stalker Arcane Marksman began the quest for the Orb.
     0 | D:1      | Reached XP level 1. HP: 9/9 MP: 3/3
   120 | D:1      | Reached XP level 2. HP: 14/14 MP: 4/4
   376 | D:1      | Reached skill level 1 in Fighting
   523 | D:1      | Learned a level 2 spell: Slow
   701 | D:2      | Reached XP level 3. HP: 18/18 MP: 5/5
   813 | D:2      | Succumbed to an orc's poison

Skill      XL: |  1  2 |
---------------+-------+-----
Crossbows      | 2 |  2.2
Fighting       | 1 |  1.0
Short Blades   | |  0.5
Armour         | |  0.4
Dodging        | |  1.9
Spellcasting   | |  1.1
Hexes          | |  3.4

Action                   || total
-------------------------++-------
Melee: Dagger            ||    20
       Bite              ||    12
       Hand axe          ||    35
 Fire: Hand crossbow     ||    15
 Cast: Corona            ||     1
  Use: Potion            ||     3
       Scroll            ||     3
 Stab: Sleeping          ||     1
Armor: Leather armour    ||    30
       Robe              ||     3
Dodge: Dodged            ||    68
